 Dungeon Crawl Stone Soup version 0.28.0-43-g3370ac3207 (webtiles) character file.

Game seed: 10481599234232128751

1449 Ablot the Grasshopper (level 8, -7/64 HPs)
             Began as a Gnoll Warper on Mar 1, 2022.
             Was an Initiate of Elyvilon.
             Killed by nerve-wracking pain
             ... invoked by an orc priest
              (12 damage)
             ... on level 6 of the Dungeon.
             The game lasted 00:13:24 (9336 turns).

Ablot the Grasshopper (Gnoll Warper)                Turns: 9336, Time: 00:13:24

Health: -7/64      AC: 13    Str: 12    XL:     8   Next: 75%
Magic:  17/17      EV: 13    Int: 14    God:    Elyvilon [......]
Gold:   318        SH:  0    Dex: 13    Spells: 17/19 levels left

rFire   + . .      SeeInvis .   I - +1 dagger of Kuh Has {vorpal, Dex+2}
rCold   . . .      Faith    .   (no shield)
rNeg    . . .      Spirit   .   b - +1 leather armour {rF+}
rPois   .          Reflect  .   (no helmet)
rElec   .          Harm     .   (no cloak)
rCorr   .          Rampage  .   (no gloves)
Will    .....                   y - +0 pair of boots
Stlth   ++........              p - amulet of the acrobat
HPRegen 0.20/turn               s - +4 ring of protection
MPRegen 0.15/turn               K - +4 ring of protection

@: no status effects
A: fangs 1, strong nose, distributed training
a: Renounce Religion


You were on level 6 of the Dungeon.
You worshipped Elyvilon.
Elyvilon was noncommittal.
You visited 2 branches of the dungeon, and saw 7 of its levels.
You also visited: Ossuary.

You collected 318 gold pieces.

Inventory:

Hand Weapons
 a - a +0 trident
 I - the +1 dagger of Kuh Has (weapon) {vorpal, Dex+2}
   (You found it on level 6 of the Dungeon)

   It inflicts extra damage upon your enemies.
   Dex:       It affects your dexterity (+2).
Missiles
 d - 2 boomerangs of dispersal
 i - a throwing net
 j - 63 stones
 n - 3 poisoned darts (quivered)
 u - 15 sling bullets
 B - 12 bolts
 J - 3 boomerangs
 L - 4 javelins
Armour
 b - a +1 leather armour of fire resistance (worn)
 y - a +0 pair of boots (worn)
Jewellery
 p - an amulet of the acrobat (around neck)
 s - a +4 ring of protection (left hand)
 w - a ring of ice
 K - a +4 ring of protection (right hand)
Wands
 f - a wand of flame (19)
 z - a wand of digging (6)
Scrolls
 c - 3 scrolls of blinking
 m - 5 scrolls of teleportation {unknown}
 o - 2 scrolls of enchant weapon {unknown}
 q - a scroll of holy word {unknown}
 r - a scroll of fear {unknown}
 t - a scroll of fog {unknown}
 A - 5 scrolls of identify {unknown}
 F - 3 scrolls of immolation {unknown}
 G - a scroll of vulnerability {unknown}
 M - a scroll of silence {unknown}
Potions
 e - 2 potions of invisibility {unknown}
 g - a potion of lignification {unknown}
 h - a potion of cancellation {unknown}
 k - 4 potions of flight {unknown}
 l - 3 potions of brilliance {unknown}
 v - a potion of might {unknown}
 x - 3 potions of curing {unknown}
 C - a potion of mutation {unknown}
 D - a potion of magic {unknown}
 E - a potion of resistance {unknown}
 H - a potion of heal wounds {unknown}


   Skills:
 + Level 5.8 Fighting
 + Level 3.5 Short Blades
 + Level 3.5 Long Blades
 + Level 3.5 Axes
 + Level 3.5 Maces & Flails
 + Level 5.8 Polearms
 + Level 3.5 Staves
 + Level 3.5 Slings
 + Level 3.5 Bows
 + Level 3.5 Crossbows
 + Level 4.4 Throwing
 + Level 4.4 Armour
 + Level 5.8 Dodging
 + Level 3.5 Stealth
 + Level 3.5 Shields
 + Level 3.5 Unarmed Combat
 + Level 6.2 Spellcasting
 + Level 2.9 Conjurations
 + Level 2.9 Hexes
 + Level 2.9 Summonings
 + Level 2.9 Necromancy
 + Level 6.2 Translocations
 + Level 2.9 Transmutations
 + Level 2.9 Fire Magic
 + Level 2.9 Ice Magic
 + Level 2.9 Air Magic
 + Level 2.9 Earth Magic
 + Level 2.9 Poison Magic
 + Level 3.9 Invocations
 + Level 3.5 Evocations


You had 17 spell levels left.
You knew the following spells:

 Your Spells              Type           Power      Damage    Failure   Level
a - Blink                 Tloc           42%        N/A       2%          2

Your spell library contained the following spells:

 Spells                   Type           Power      Damage    Failure   Level
 Gell's Gravitas          Tloc           21%        N/A       4%          3
 Lesser Beckoning         Tloc           21%        N/A       4%          3
 Teleport Other           Tloc           21%        N/A       4%          3
 Ignite Poison            Fire/Tmut/Pois 12%        N/A       19%         3
 Mephitic Cloud           Conj/Pois/Air  12%        N/A       19%         3
 Manifold Assault         Tloc           21%        N/A       38%         5
 Freezing Cloud           Conj/Ice/Air   6%         6-21      86%         5
 Chain Lightning          Conj/Air       6%         3d8       100%        9
 Fire Storm               Conj/Fire      6%         8d2       100%        9
 Shatter                  Erth           6%         3d9*      100%        9


Dungeon Overview and Level Annotations

Branches:
Dungeon (6/15)             Temple (1/1) D:6         Ossuary (visited)

Altars:
Cheibriados
Dithmenos
Elyvilon
Fedhas
Hepliaklqana
Kikubaaqudgha
Makhleb
Nemelex Xobeh
Qazlal
Ru
Sif Muna
Trog
Uskayaw
Vehumet
Wu Jian
Yredelemnul
Zin
The Shining One

Annotations:
D:2 1 runed translucent door, 1 exclusion


Innate Abilities, Weirdness & Mutations

You have very sharp teeth.
Your uncanny sense of smell can sniff out nearby items.
Your experience applies equally to all skills.


Message History

You hit the orc priest but do no damage.
Your punch misses the orc priest.
The orc priest is moderately wounded.
The orc priest closely misses you.
You closely miss the orc priest. Your bite misses the orc priest.
The orc priest is moderately wounded.
You hit the orc priest but do no damage.
The orc priest is moderately wounded.
The orc priest hits you but does no damage.
You hit the orc priest but do no damage.
You bite the orc priest, but do no damage.
The orc priest is moderately wounded.
The orc priest barely misses you.
You barely miss the orc priest.
The orc priest is moderately wounded.
The orc priest misses you.
You barely miss the orc priest.
The orc priest is moderately wounded.
The orc priest looks braver for a moment.
You barely miss the orc priest.
The orc priest is moderately wounded.
The orc priest hits you but does no damage.
You hit the orc priest.
The orc priest is severely wounded.
You hit the orc priest but do no damage.
The orc priest is severely wounded.
The orc priest completely misses you.
You barely miss the orc priest.
The orc priest is severely wounded.
The orc priest mumbles some strange prayers to Beogh against you.
Beogh smites you!
* * * LOW HITPOINT WARNING * * *
You barely miss the orc priest.
The orc priest is severely wounded.
The orc priest hits you but does no damage.
You hit the orc priest but do no damage.
The orc priest is severely wounded.
The orc priest mumbles some strange prayers to Beogh against you.
Pain shoots through your body!
You die...

### .######## #..
...#...... #.#
#...####### #.# .....#
#.###### ###.....#
#.#..o@###....8..
######.#..###......#
#.........'o.o...8## .
#.####.######oo....#....
#.# #.# ###....8.... #.#
#.# ###.....## #.# #.#
.....# #.# #.. #...##
####.# ### ...#


You could see an orc priest.

Vanquished Creatures
  An orc warrior (D:6)
  An ice beast (D:6)
  2 ogres (D:4)
  A phantom (D:6)
  3 scorpions
  A water moccasin skeleton (D:4)
  4 hounds
  2 centaur skeletons (D:6)
  An orc priest (D:5)
  4 iguanas
  2 orc wizards (D:5)
  13 mummies (Ossuary)
  A howler monkey zombie (D:5)
  A howler monkey skeleton (D:6)
  4 gnolls (D:4)
  7 adders
  2 shadow imps (D:6)
  A white imp (D:5)
  An ufetubus (D:5)
  3 worms
  6 orcs
  6 bats
  6 endoplasms
  3 giant cockroaches
  5 goblins
  14 hobgoblins
  7 jackals (D:1)
  5 quokkas
  11 ball pythons
  5 frilled lizards
  2 gnoll skeletons (Ossuary)
  2 goblin skeletons (Ossuary)
  4 kobolds
  3 kobold skeletons (Ossuary)
  An orc skeleton (Ossuary)
  2 rats (D:1)
  11 rat skeletons (Ossuary)
148 creatures vanquished.

Notes
Turn   | Place    | Note
-------+----------+-------------------------------------------
     0 | D:1      | Ablot the Gnoll Warper began the quest for the Orb.
     0 | D:1      | Reached XP level 1. HP: 20/20 MP: 6/6
   168 | D:1      | Reached XP level 2. HP: 26/26 MP: 7/7
   175 | D:1      | Learned a level 2 spell: Blink
   386 | D:1      | Found a faded altar of an unknown god.
   703 | D:1      | Reached XP level 3. HP: 10/31 MP: 9/9
   708 | D:1      | Reached skill level 5 in Spellcasting
  1086 | D:2      | Reached skill level 1 in Invocations
  1087 | D:2      | Found a bloodstained altar of Trog.
  1560 | D:2      | Reached skill level 1 in Short Blades
  1560 | D:2      | Reached skill level 1 in Long Blades
  1560 | D:2      | Reached skill level 1 in Axes
  1560 | D:2      | Reached skill level 1 in Maces & Flails
  1560 | D:2      | Reached skill level 1 in Staves
  1560 | D:2      | Reached skill level 1 in Slings
  1560 | D:2      | Reached skill level 1 in Bows
  1560 | D:2      | Reached skill level 1 in Crossbows
  1560 | D:2      | Reached skill level 1 in Stealth
  1560 | D:2      | Reached skill level 1 in Shields
  1560 | D:2      | Reached skill level 1 in Unarmed Combat
  1560 | D:2      | Reached skill level 1 in Evocations
  1614 | D:2      | Reached XP level 4. HP: 21/38 MP: 11/11
  2133 | D:2      | Found a runed translucent door.
  2252 | D:3      | Reached skill level 1 in Conjurations
  2252 | D:3      | Reached skill level 1 in Hexes
  2252 | D:3      | Reached skill level 1 in Summonings
  2252 | D:3      | Reached skill level 1 in Necromancy
  2252 | D:3      | Reached skill level 1 in Transmutations
  2252 | D:3      | Reached skill level 1 in Fire Magic
  2252 | D:3      | Reached skill level 1 in Ice Magic
  2252 | D:3      | Reached skill level 1 in Air Magic
  2252 | D:3      | Reached skill level 1 in Earth Magic
  2252 | D:3      | Reached skill level 1 in Poison Magic
  2396 | D:3      | Found a burning altar of Makhleb.
  3383 | D:4      | Reached XP level 5. HP: 40/43 MP: 12/12
  4045 | D:4      | Found a basalt altar of Yredelemnul.
  4192 | D:4      | Found a shimmering blue altar of Sif Muna.
  4414 | D:4      | Noticed an ogre
  4426 | D:4      | Killed an ogre
  4427 | D:4      | Reached skill level 5 in Fighting
  4427 | D:4      | Reached skill level 5 in Polearms
  4427 | D:4      | Reached skill level 5 in Dodging
  4427 | D:4      | Reached XP level 6. HP: 38/51 MP: 12/14
  4788 | D:4      | Found an ancient bone altar of Kikubaaqudgha.
  5381 | D:5      | Entered Level 5 of the Dungeon
  5733 | D:4      | Reached XP level 7. HP: 31/56 MP: 15/15
  7151 | D:6      | Found a sand-covered staircase.
  7177 | D:6      | Reached XP level 8. HP: 37/63 MP: 16/16
  7346 | Ossuary  | Entered an ossuary
  8228 | D:6      | Identified the +1 dagger of Kuh Has {vorpal, Dex+2}
  9072 | D:6      | Found a staircase to the Ecumenical Temple.
  9079 | Temple   | Entered the Ecumenical Temple
  9147 | Temple   | Became a worshipper of Elyvilon the Healer
  9287 | D:6      | Found a sacrificial altar of Ru.
  9336 | D:6      | Killed from afar by an orc priest

Illustrated notes

Levels and vault maps discovered:
D:1:      dpeg_arrival_windows_large_door, layout_rooms,
          dreamdust_ecumenical_altar_grove, minivault_26
D:2:      layout_rooms, basic_altar, uniq_crazy_yiuf_cottage
D:3:      layout_loops_corners, mainiacjoe_overflow_brackets,
          chequers_serial_rivers_room_b
D:4:      layout_basic, mainiacjoe_overflow_alcove_2,
          mainiacjoe_overflow_24_doors, chequers_mini_garden,
          minmay_crystal_room, st_stairs_6, minmay_ruined_shrine
D:5:      layout_basic, cheibrodos_sewer_entry_bend, nrook_mini_backslash,
          chequers_serial_rivers_micro_a, kennysheep_generic_room_14
D:6:      layout_loops_ring, minmay_overflow_temple_star_quad,
          minmay_temple_entry_junction, nicolae_ossuary_entry_ruins,
          minmay_chambers_of_fives
Temple:   zaba_magenta_temple

Skill      XL: |  1  2  3  4  5  6  7  8 |
---------------+-------------------------+-----
Spellcasting   | 5 6 |  6.2
Invocations    | 1 2 3 |  3.9
Short Blades   | 1 2 3 |  3.5
Long Blades    | 1 2 3 |  3.5
Axes           | 1 2 3 |  3.5
Maces & Flails | 1 2 3 |  3.5
Staves         | 1 2 3 |  3.5
Slings         | 1 2 3 |  3.5
Bows           | 1 2 3 |  3.5
Crossbows      | 1 2 3 |  3.5
Stealth        | 1 2 3 |  3.5
Shields        | 1 2 3 |  3.5
Unarmed Combat | 1 2 3 |  3.5
Evocations     | 1 2 3 |  3.5
Conjurations   | 1 2 |  2.9
Hexes          | 1 2 |  2.9
Summonings     | 1 2 |  2.9
Necromancy     | 1 2 |  2.9
Transmutations | 1 2 |  2.9
Fire Magic     | 1 2 |  2.9
Ice Magic      | 1 2 |  2.9
Air Magic      | 1 2 |  2.9
Earth Magic    | 1 2 |  2.9
Poison Magic   | 1 2 |  2.9
Throwing       | 3 4 |  4.4
Armour         | 3 4 |  4.4
Fighting       | 5 |  5.8
Polearms       | 5 |  5.8
Dodging        | 5 |  5.8
Translocations | 6 |  6.2

Action                   |  1- 3 |  4- 6 |  7- 9 || total
-------------------------+-------+-------+-------++-------
Melee: Spear             |   143 |   285 |    37 ||   465
       Bite              |     7 |    25 |    45 ||    77
       Punch             |     2 |     4 |    14 ||    20
       Trident           |       |       |   280 ||   280
       Dagger            |       |       |    98 ||    98
Throw: Javelin           |       |    11 |     8 ||    19
       Boomerang         |       |     1 |     2 ||     3
       Dart              |       |       |     8 ||     8
 Cast: Blink             |     1 |     4 |     2 ||     7
Evoke: Wand              |       |     3 |       ||     3
 Stab: Sleeping          |     1 |     6 |    11 ||    18
Armor: Leather armour    |    26 |    32 |    99 ||   157
Dodge: Dodged            |    87 |   129 |   181 ||   397
